 Dungeon Crawl Stone Soup version 0.28-a0-1616-g050a50673c (webtiles) character file.

Game seed: 13988160987867008932

4050 anonymouscript the Conjurer (level 10, -14/56 (67) HPs)
             Began as a Human Conjurer on Jan 22, 2022.
             Was a Believer of Vehumet.
             Killed from afar by an acid dragon (20 damage)
             ... with a splash of acid
             ... on level 8 of the Dungeon.
             The game lasted 01:05:52 (11276 turns).

anonymouscript the Conjurer (Human Conjurer)       Turns: 11276, Time: 01:05:52

HP:   -14/56 (67)   AC:  9    Str: 10    XL:     10   Next: 48%
MP:   0/29          EV: 10    Int: 20    God:    Vehumet [**....]
Gold: 344           SH:  0    Dex: 12    Spells: 11/23 levels left

rFire   . . .      SeeInvis .   n - +1 dagger (venom)
rCold   . . .      Faith    .   (no shield)
rNeg    . . .      Spirit   +   g - +0 scale mail
rPois   .          Reflect  .   (no helmet)
rElec   .          Harm     .   (no cloak)
rCorr   .          Rampage  .   H - +0 pair of gloves
Will    .....                   h - +0 pair of boots
Stlth   +++.......              k - amulet of guardian spirit
HPRegen 0.18/turn               m - ring of magical power
MPRegen 0.21/turn               w - ring of Shadows {Umbra +Inv Stlth+}

@: wreathed by umbra, heavily drained
A: no striking features
a: Renounce Religion, Evoke Invisibility


You were on level 8 of the Dungeon.
You worshipped Vehumet.
Vehumet was pleased with you.
You visited 1 branch of the dungeon, and saw 8 of its levels.

You collected 344 gold pieces.

Inventory:

Hand Weapons
 d - a +0 dagger
 f - a +0 short sword
 n - a +1 dagger of venom (weapon)
Missiles
 e - 176 stones
 i - 7 poisoned darts
 t - 8 atropa-tipped darts
 D - a throwing net
 N - 2 curare-tipped darts
Armour
 a - a +0 robe
 g - a +0 scale mail (worn)
 h - a +0 pair of boots (worn)
 r - a scarf of harm
 v - a +0 leather armour
 z - a +0 robe
 G - a +0 chain mail
 H - a +0 pair of gloves (worn)
Jewellery
 k - an amulet of guardian spirit (around neck)
 m - a ring of magical power (left hand)
 w - the ring of Shadows (right hand) {Umbra +Inv Stlth+}
   (You found it on level 5 of the Dungeon)

   [ring of stealth]

   It surrounds you with an aura of shadow, increasing your stealth and reducing
   the accuracy of all others within it.
   +Inv:      It lets you turn invisible.
   Stlth:     It makes you more stealthy.
 I - an amulet of the acrobat
 M - an amulet of faith
Wands
 j - a wand of polymorph (11)
 o - a wand of acid (10)
 y - a wand of flame (23)
Scrolls
 c - a scroll of fear
 p - 3 scrolls of vulnerability
 s - 2 scrolls of holy word
 u - a scroll of magic mapping
 x - 5 scrolls of teleportation
 A - a scroll of identify
 B - a scroll of silence
 E - a scroll of fog {unknown}
 K - a scroll of amnesia
Potions
 b - 4 potions of heal wounds
 l - a potion of magic {unknown}
 q - 3 potions of haste {unknown}
 C - a potion of mutation {unknown}
 F - a potion of attraction {unknown}
 J - 2 potions of brilliance {unknown}
 L - a potion of curing {unknown}


   Skills:
 + Level 2.1 Fighting
 + Level 0.7 Short Blades
 + Level 0.7 Throwing
 + Level 4.9 Armour
 + Level 5.3 Dodging
 + Level 4.4 Stealth
 + Level 0.4 Unarmed Combat
 + Level 7.1 Spellcasting
 + Level 7.8 Conjurations
 + Level 4.2 Hexes
 * Level 3.0 Ice Magic
 + Level 1.4 Evocations


You had 11 spell levels left.
You knew the following spells:

 Your Spells              Type           Power      Damage    Failure   Level
a - Magic Dart            Conj           100%       1d8       2%          1
b - Searing Ray           Conj           76%        2d7       3%          2
c - Dazzling Flash        Conj/Hex       62%        N/A       14%         3
d - Fulminant Prism       Conj/Hex       15%        3d11      41%         4
e - Freeze                Ice            76%        1d9       16%         1
f - Apportation           Tloc           14%        N/A       50%         1

Your spell library contained the following spells:

 Spells                   Type           Power      Damage    Failure   Level
 Static Discharge         Conj/Air       22%        N/A       17%         2
 Ozocubu's Armour         Ice            19%        N/A       43%         3
 Animate Skeleton         Necr           14%        N/A       50%         1
 Summon Small Mammal      Summ           28%        N/A       50%         1
 Summon Guardian Golem    Hex/Summ       15%        N/A       56%         3
 Corpse Rot               Necr/Air       14%        N/A       63%         2
 Iskenderun's Mystic Bla  Conj/Tloc      22%        2d6       73%         4
 Agony                    Necr           7%         N/A       100%        5
 Simulacrum               Ice/Necr       6%         N/A       100%        6
 Orb of Destruction       Conj           19%        9d8       100%        7
 Ozocubu's Refrigeration  Ice            9%         4d6       100%        7
 Spellforged Servitor     Conj/Summ      11%        N/A       100%        7


Dungeon Overview and Level Annotations

Branches:
Dungeon (8/15)             Temple (0/1) D:5
   Lair: D:8-11

Altars:
Makhleb
Uskayaw
Vehumet
Wu Jian

Annotations:
D:8 Joseph


Message History

You can't see any susceptible monsters within range! (Use Z to cast anyway.)
Casting: Searing Ray (safe; 3% risk of failure)
Confirm with . or Enter, or press ? or * to list all spells.
Aiming: Searing Ray (safe; 3% risk of failure)
Press: ? - help, Shift-Dir - straight line, f - two-headed ogre
Aim: a two-headed ogre, wielding a +0 giant club and a +0 giant spiked club (91% to hit)
The searing ray hits the two-headed ogre!
The two-headed ogre is lightly wounded. (Press . to maintain the ray.)
The searing ray misses the two-headed ogre.
The searing ray hits the two-headed ogre!
The two-headed ogre is moderately wounded.
The searing ray hits the two-headed ogre!
The two-headed ogre is heavily wounded.
You finish channelling your searing ray.
The two-headed ogre completely misses you.
The two-headed ogre hits you with a +0 giant spiked club!!
Casting: Searing Ray (safe; 3% risk of failure)
Confirm with . or Enter, or press ? or * to list all spells.
Casting: Dazzling Flash (dangerous; 14% risk of failure)
Press: ? - help, Dir - look around, f - activate The two-headed ogre hits you with a +0 giant club.
The two-headed ogre hits you with a +0 giant spiked club.
Casting: Dazzling Flash (dangerous; 14% risk of failure)
Confirm with . or Enter, or press ? or * to list all spells.
Aiming: Searing Ray (safe; 3% risk of failure)
Press: ? - help, Shift-Dir - straight line, f - two-headed ogre
Aim: a two-headed ogre, wielding a +0 giant club and a +0 giant spiked club (heavily wounded, umbra, 91% to hit)
The searing ray hits the two-headed ogre.
The two-headed ogre is heavily wounded.
The searing ray hits the acid dragon.
The acid dragon is moderately wounded. (Press . to maintain the ray.)
The two-headed ogre hits you with a +0 giant club!
The two-headed ogre hits you with a +0 giant spiked club!!
* * * LOW HITPOINT WARNING * * *
Unknown command.
The acid dragon spits acid at you. The splash of acid hits you!!
You die...

#.# #.#....#
#.#######.#....# .
#.........#....# ..
###########....# ...
#.+....# #... #)#....#
#.... ########)#....#
#..(..######.............#
+.....'......O.@......>..#
#.....##.#..D............#
#.... #.#...............#
#... #.#...............#
... #.#...............# .#
#.#......>........#
#.#...#.....#....##
#.#...#.....#....#
#...#.....#....#


You could see a two-headed ogre and an acid dragon (catching breath).

Vanquished Creatures
  Psyche (D:8)
  Grinder (D:6)
  3 yaks (D:7)
  5 water moccasins
  A hornet zombie (D:7)
  A black bear (D:7)
  2 necrophages
  4 ogres
  2 centaurs
  A phantom (D:6)
  A kobold brigand (D:8)
  3 gnoll sergeants
  5 scorpions
  A water moccasin skeleton (D:5)
  A centaur zombie (D:5)
  A crimson imp (D:5)
  A bullfrog zombie (D:7)
  5 hounds
  2 orc priests
  5 iguanas
  5 orc wizards
  A hound zombie (D:5)
  A howler monkey skeleton (D:4)
  19 gnolls
  8 adders
  A white imp (D:6)
  An ufetubus (D:7)
  An adder skeleton (D:4)
  A worm (D:3)
  3 dart slugs
  14 orcs
  9 bats
  15 endoplasms
  6 giant cockroaches
  2 goblins
  5 hobgoblins
  7 jackals
  5 quokkas
  9 ball pythons
  3 frilled lizards (D:2)
  17 kobolds
  4 rats
183 creatures vanquished.

Vanquished Creatures (others)
  Erica (D:8)
  An orc wizard (D:4)
  2 orcs (D:4)
  A fulminant prism (D:6)
5 creatures vanquished.

Grand Total: 188 creatures vanquished

Notes
Turn   | Place    | Note
-------+----------+-------------------------------------------
     0 | D:1      | anonymouscript the Human Conjurer began the quest for the
                  | Orb.
     0 | D:1      | Reached XP level 1. HP: 13/13 MP: 3/3
   278 | D:1      | Reached XP level 2. HP: 19/19 MP: 0/5
   398 | D:1      | Learned a level 2 spell: Searing Ray
  1064 | D:1      | Reached XP level 3. HP: 24/24 MP: 3/6
  1949 | D:2      | Reached XP level 4. HP: 30/30 MP: 3/7
  2046 | D:1      | Reached skill level 5 in Conjurations
  2496 | D:2      | Reached XP level 5. HP: 35/35 MP: 7/9
  2797 | D:2      | Noticed a necrophage
  3056 | D:3      | Learned a level 3 spell: Dazzling Flash
  3077 | D:3      | Found a faded altar of an unknown god.
  3410 | D:3      | Reached XP level 6. HP: 20/42 MP: 1/10
  3783 | D:4      | Found an ornate altar of the Wu Jian Council.
  4045 | D:4      | Found a radiant altar of Vehumet.
  4060 | D:4      | Became a worshipper of Vehumet
  4269 | D:4      | Reached XP level 7. HP: 47/47 MP: 13/13
  4830 | D:5      | Entered Level 5 of the Dungeon
  5104 | D:5      | Found a hide-covered altar of Uskayaw.
  5257 | D:5      | Found the ring of Shadows {Umbra +Inv Stlth+}
  5386 | D:5      | Reached XP level 8. HP: 49/53 MP: 15/15
  5388 | D:5      | Reached skill level 1 in Fighting
  5561 | D:5      | Reached skill level 5 in Spellcasting
  5575 | D:5      | Reached * piety under Vehumet
  5575 | D:5      | Offered knowledge of Freeze by Vehumet.
  5710 | D:5      | Found a staircase to the Ecumenical Temple.
  6016 | D:5      | Learned a level 4 spell: Fulminant Prism
  6167 | D:5      | Reached skill level 1 in Armour
  6508 | D:5      | Found a burning altar of Makhleb.
  6518 | D:5      | Reached skill level 1 in Evocations
  6617 | D:6      | Noticed Grinder
  6638 | D:6      | Reached skill level 1 in Hexes
  6638 | D:6      | Paralysed by Grinder for 6 turns
  6912 | D:6      | Killed Grinder
  6913 | D:6      | Reached XP level 9. HP: 29/59 MP: 2/17
  6924 | D:6      | Learned a level 1 spell: Freeze
  7515 | D:6      | Learned a level 1 spell: Apportation
  8044 | D:6      | Offered knowledge of Static Discharge by Vehumet.
  8064 | D:6      | Reached ** piety under Vehumet
  8369 | D:7      | Reached skill level 1 in Ice Magic
  8623 | D:7      | Reached XP level 10. HP: 57/67 MP: 17/19
  9017 | D:7      | Got Kikubaaqudgha's Incunabulum of Sinister Rituals
  9650 | D:8      | Noticed Psyche
  9713 | D:8      | Noticed Erica
  9730 | D:8      | Killed Psyche
  9731 | D:8      | Reached skill level 5 in Dodging
  9731 | D:8      | Killed Erica
  9749 | D:8      | Noticed Joseph
 10515 | D:8      | Noticed a manticore
 10534 | D:8      | HP: 2/61 [barbs]
 11233 | D:8      | Noticed a two-headed ogre
 11276 | D:8      | Killed from afar by an acid dragon

Illustrated notes

Levels and vault maps discovered:
D:1:      dpeg_arrival_rooms_b, layout_loops_ring, minmay_tromino_v7
D:2:      layout_loops_ring, minmay_tree_intersection, st_stairs_9
D:3:      layout_basic, shapermc_ecumenical_altar_totnotflames,
          minmay_door_square, uniq_jessica
D:4:      layout_basic, fiery_altar_vehumet, lemuel_crystal_altar
D:5:      cheibrodos_iron_armory, layout_loops_ring, makhleb_grotto_becter,
          nicolae_uskayaw_suspiria, minmay_temple_entry_slanted,
          serial_co_window_serial, co_window_paths_b, co_window_paths_a,
          co_window_corner_a, co_window_paths_b, co_window_corner_a,
          co_window_paths_a, co_window_paths_a, co_window_of_opportunity_a,
          co_window_paths_a, co_window_cross_3, co_window_of_opportunity_b,
          co_window_unsneaky_path_e
D:6:      layout_basic, minivault_25, minivault_22, kennysheep_generic_room_16,
          uniq_grinder
D:7:      layout_basic
D:8:      layout_basic, nicolae_straight_to_the_point, uniq_joseph, uniq_erica,
          uniq_psyche

Skill      XL: |  1  2  3  4  5  6  7  8  9 10 |
---------------+-------------------------------+-----
Conjurations   | 5 6 7 |  7.8
Spellcasting   | 3 4 5 6 7 |  7.1
Dodging        | 3 4 5 |  5.3
Stealth        | 3 4 |  4.4
Fighting       | 1 2 |  2.1
Armour         | 2 3 4 |  4.9
Evocations     | 1 |  1.4
Hexes          | 2 4 |  4.2
Ice Magic      | 2 3 |  3.0
Short Blades   | |  0.7
Throwing       | |  0.7
Unarmed Combat | |  0.4

Action                   |  1- 3 |  4- 6 |  7- 9 | 10-12 || total
-------------------------+-------+-------+-------+-------++-------
Melee: Unarmed           |    18 |       |     1 |     1 ||    20
       Punch             |     2 |       |       |       ||     2
       Dagger            |    62 |    10 |    12 |    10 ||    94
Throw: Stone             |       |     1 |     3 |       ||     4
       Dart              |       |       |     2 |       ||     2
 Cast: Magic Dart        |    30 |    62 |    41 |    20 ||   153
       Searing Ray       |    14 |    29 |    59 |    19 ||   121
       Fulminant Prism   |       |       |     1 |       ||     1
       Dazzling Flash    |       |       |       |     1 ||     1
 Abil: Evoke Invisibilit |       |       |       |     1 ||     1
Evoke: Wand              |       |     4 |       |       ||     4
  Use: Scroll            |       |     4 |     2 |     6 ||    12
       Potion            |       |       |       |     1 ||     1
 Stab: Invisible         |       |       |       |     1 ||     1
       Sleeping          |       |       |       |     1 ||     1
Armor: Robe              |    19 |     8 |     2 |       ||    29
       Leather armour    |       |       |    13 |       ||    13
       Scale mail        |       |       |    10 |    10 ||    20
Dodge: Dodged            |    58 |    16 |    64 |    24 ||   162

Table legend: (Time is in decaauts)
 A = Elapsed time spent in this place.
 B = Non-inter-level travel time spent in this place.
 C = Inter-level travel time spent in this place.
 D = Time resting spent in this place.
 E = Time spent auto-exploring this place.
 F = Levels seen in this place.
 G = Mean time per level.
                   A        B        C        D        E       F      G
               +--------+--------+--------+--------+--------+-----+--------+
         Total |  11282 |  10736 |    546 |   2674 |   5961 |   8 | 1410.2 |
       Dungeon |  11282 |  10736 |    546 |   2674 |   5961 |   8 | 1410.2 |
               +--------+--------+--------+--------+--------+-----+--------+

Top non-repeatable levels by time:
     D:5: 2095 daAuts
     D:7: 2024 daAuts
     D:1: 1999 daAuts
     D:6: 1533 daAuts
     D:2: 1226 daAuts
     D:4: 1174 daAuts
     D:3: 936 daAuts
     D:8: 293 daAuts
